 Dungeon Crawl Stone Soup version 0.22.1-2-g9c5b331383 (webtiles) character file.

495 D1HalberdGnoll the Slasher (level 7, -6/59 HPs)
             Began as a Ghoul Gladiator on Nov 19, 2018.
             Mangled by a centaur (8 damage)
             ... on level 7 of the Dungeon on Nov 20, 2018.
             The game lasted 00:05:45 (4639 turns).

D1HalberdGnoll the Slasher (Ghoul Gladiator)        Turns: 4639, Time: 00:05:45

Health: -6/59      AC:  9    Str: 19    XL:     7   Next: 15%
Magic:  6/6        EV:  8    Int:  4    God:
Gold:   204        SH: 10    Dex: 13    Spells: 6/6 levels left

rFire    . . .     SeeInvis .   a - +0 long sword
rCold    + . .     Gourm    .   g - +0 shield
rNeg     + + +     Faith    .   i - +0 scale mail
rPois    ∞         Spirit   .   n - +0 helmet of Pragmatism {+Inv rN+ Dex+3} (curse)
rElec    .         Reflect  +   (no cloak)
rCorr    .         Harm     .   h - +1 pair of gloves
MR       .....                  (no boots)
Stlth    ..........             c - +3 amulet of reflection
HPRegen  0.00/turn              (no ring)
MPRegen  0.10/turn              (no ring)

@: rotting
A: rotting body, claws 1, carnivore, cold resistance 1, negative energy
resistance 3, inhibited regeneration, torment resistance, unbreathing
a: Evoke Invisibility


You were on level 7 of the Dungeon.
You were not hungry.

You visited 1 branch of the dungeon, and saw 5 of its levels.

You collected 204 gold pieces.

Inventory:

Hand Weapons
 a - a +0 long sword (weapon)
Missiles
 d - 3 throwing nets (quivered)
Armour
 g - a +0 shield (worn)
 h - a +1 pair of gloves (worn)
 i - a +0 scale mail (worn)
 n - the cursed +0 helmet of Pragmatism (worn) {+Inv rN+ Dex+3}
   (You took it off Robin on level 2 of the Dungeon)

   It affects your dexterity (+3).
   It protects you from negative energy.
   It lets you turn invisible.
   It has a curse placed upon it.
Jewellery
 c - a +3 amulet of reflection (around neck)
 q - an uncursed ring of see invisible {unknown}
Scrolls
 b - a scroll of magic mapping
 o - 3 scrolls of remove curse
 p - 4 scrolls of identify
Potions
 e - a potion of flight {unknown}
 k - a potion of agility
 l - a potion of might {unknown}
 m - 3 potions of haste
Comestibles
 f - 4 rations


   Skills:
 + Level 4.1 Fighting
 * Level 5.0 Long Blades
 - Level 1.7 Throwing
 + Level 2.6 Armour
 + Level 4.0 Dodging


You had 6 spell levels left.
You didn't know any spells.
Your spell library contained the following spells:

 Spells                   Type           Power        Failure   Level  Hunger
 Magic Dart               Conj           #...         100%        1    ##.....
 Blink                    Tloc           N/A          100%        2    ###....
 Call Imp                 Summ           #.......     100%        2    ###....
 Slow                     Hex            #.......     100%        2    ###....
 Conjure Flame            Conj/Fire      #.......     100%        3    ####...
 Mephitic Cloud           Conj/Pois/Air  #.......     100%        3    ####...


Dungeon Overview and Level Annotations

Branches:
Dungeon (4/15)
 Temple: D:4-7

Altars:
Ashenzari
Dithmenos
Elyvilon
Qazlal
Ru
Xom


Innate Abilities, Weirdness & Mutations

Your body is rotting away.
You thrive on raw meat.
You are immune to poison.
You have sharp fingernails.
You are carnivorous and can eat meat at any time.
Your flesh is cold resistant. (rC+)
You are immune to negative energy. (rN+++)
You do not regenerate when monsters are visible.
You are immune to unholy pain and torment.
You can survive without breathing.


Message History

A worker ant comes into view.
The centaur hits you!
* * * LOW HITPOINT WARNING * * *
The centaur hits you but does no damage.
You closely miss the centaur.
The centaur is severely wounded.
The worker ant twitches its antennae in your direction.
The centaur hits you.
* * * LOW HITPOINT WARNING * * *
Okay, then.
You hit the centaur but do no damage.
The centaur is severely wounded.
You block the centaur's attack.
The centaur hits you but does no damage.
You barely miss the centaur.
The centaur is severely wounded.
The centaur hits you.
* * * LOW HITPOINT WARNING * * *
The centaur hits you!
You die...

#(#
#..
#.#
#W#
#.#
#(#
#c#
##@#
#$.#
#a##
#.#
#.#
#.#
#.#
#.#
>..


You could see a phantom, a centaur and a worker ant.

Vanquished Creatures
  An ice beast (D:2)
  An orc priest (D:3)
  A centaur skeleton (D:4)
  5 worker ants (D:4)
  Robin (D:2)
  9 adders
  An ooze (D:2)
  2 worms (D:2)
  A dart slug (D:1)
  3 leopard geckos
  13 orcs
  11 giant cockroaches
  16 goblins
  12 hobgoblins
  2 jackals (D:3)
  9 kobolds
  3 quokkas
  A ball python (D:2)
  8 bats
  12 frilled lizards
  7 rats
119 creatures vanquished.

Vanquished Creatures (others)
  2 jackals (D:3)
  A kobold (D:3)
  A quokka (D:3)
4 creatures vanquished.

Grand Total: 123 creatures vanquished

Notes
Turn   | Place    | Note
-------+----------+-------------------------------------------
     0 | D:1      | D1HalberdGnoll the Ghoul Gladiator began the quest for the
                  | Orb.
     0 | D:1      | Reached XP level 1. HP: 17/17 MP: 0/0
   149 | D:1      | Reached XP level 2. HP: 24/24 MP: 1/1
   185 | D:1      | Reached skill level 3 in Long Blades
   481 | D:1      | Reached XP level 3. HP: 29/29 MP: 2/2
   547 | D:2      | Reached skill level 1 in Armour
   684 | D:2      | Reached XP level 4. HP: 28/37 MP: 3/3
   911 | D:2      | You fall through a shaft for 2 floors!
   955 | D:4      | Reached XP level 5. HP: 26/44 MP: 4/4
  1344 | D:3      | HP: 2/44 [adder (2)]
  1351 | D:3      | Reached skill level 4 in Long Blades
  1765 | D:3      | Found a white marble altar of Elyvilon.
  2338 | D:3      | Reached XP level 6. HP: 9/48 MP: 5/5
  3261 | D:2      | Noticed an ice beast
  3275 | D:2      | Killed an ice beast
  3446 | D:2      | Found a stormy altar of Qazlal.
  3536 | D:2      | Noticed Robin
  3820 | D:2      | Killed Robin
  3823 | D:2      | Got a pitted helmet
  3834 | D:2      | Identified the cursed +0 helmet of Pragmatism {+Inv rN+
                  | Dex+3} (You took it off Robin on level 2 of the Dungeon)
  3990 | D:2      | Found a shattered altar of Ashenzari.
  4382 | D:4      | Found a sacrificial altar of Ru.
  4448 | D:4      | Reached XP level 7. HP: 52/59 MP: 6/6
  4463 | D:4      | Reached skill level 5 in Long Blades
  4542 | D:4      | Found a shimmering altar of Xom.
  4553 | D:4      | Found a shadowy altar of Dithmenos.
  4559 | D:4      | Found a shimmering altar of Xom.
  4559 | D:4      | Found a shimmering altar of Xom.
  4559 | D:4      | Found a shimmering altar of Xom.
  4560 | D:4      | Found a shimmering altar of Xom.
  4580 | D:4      | Found a shimmering altar of Xom.
  4612 | D:4      | You fall through a shaft for 3 floors!
  4639 | D:7      | HP: 2/59 [centaur (6)]
  4639 | D:7      | Mangled by a centaur

Skill      XL: |  1  2  3  4  5  6  7 |
---------------+----------------------+-----
Long Blades    | 3 4 5 |  5.0
Dodging        | 3 4 |  4.0
Armour         | 1 2 |  2.6
Fighting       | 3 4 |  4.1
Throwing       | |  1.7

Action                   |  1- 3 |  4- 6 |  7- 9 || total
-------------------------+-------+-------+-------++-------
Melee: Long sword        |   121 |   350 |    32 ||   503
  Use: Scroll            |       |    13 |       ||    13
       Potion            |       |     3 |     2 ||     5
  Eat: Chunk             |     7 |    19 |       ||    26
Armor: Leather armour    |    13 |       |       ||    13
       Scale mail        |    66 |   191 |    14 ||   271
Dodge: Dodged            |    43 |   166 |     5 ||   214
Block: Shield            |    58 |   184 |    27 ||   269
       Reflection        |       |       |     2 ||     2
       Rpst.: Long sword |    19 |    58 |     2 ||    79
